2711 views
Uploaded 2020-02-27 20:53:56
Game version 1.32.2
45:09 long 1on1 ladder game on (3)NomadIsles
Saved by BEARAND
2711 views
Uploaded 2020-02-27 20:53:56
Game version 1.32.2
45:09 long 1on1 ladder game on (3)NomadIsles

18 units @ 2k
/ 0.2k
142 buildings @ 7.4k
/ 4.3k



| Scroll of Regeneration | 3 | 300 |
| Potion of Healing | 4 | 600 |
| Staff of Sanctuary | 4 | 1000 |
| Orb of Fire | 2 | 650 |
| Staff of Teleportation | 3 | 450 |
| Boots of Speed | 3 | 750 |
| total: | 19 | 3750g |
| Peasant | 13 | 975 | / | 0 |
| Priest | 2 | 270 | / | 20 |
| Sorceress | 1 | 155 | / | 20 |
| Goblin Shredder | 1 | 375 | / | 100 |
| Goblin Zeppelin | 1 | 240 | / | 60 |
| total: | 18 | 2015g | / | 200w |
| Scout Tower | 123 | 3690 | / | 2460 |
| Arcane Tower | 12 | 840 | / | 600 |
| Guard Tower | 77 | 5390 | / | 3850 |
| Altar of Kings | 1 | 180 | / | 50 |
| Farm | 4 | 320 | / | 80 |
| Lumber Mill | 1 | 120 | / | 0 |
| Arcane Vault | 3 | 390 | / | 90 |
| Town Hall | 5 | 1925 | / | 1025 |
| Blacksmith | 1 | 140 | / | 60 |
| Barracks | 1 | 160 | / | 60 |
| Arcane Sanctum | 1 | 150 | / | 140 |
| Gryphon Aviary | 2 | 280 | / | 300 |
| Keep | 1 | 320 | / | 210 |
| Castle | 1 | 360 | / | 210 |
| total: | 142 | 7355g | / | 4265w |
| 0:01 | Peasant |
| 0:01 | Peasant |
| 0:08 | Altar of Kings |
| 0:13 | Farm |
| 0:20 | Peasant |
| 0:24 | Peasant |
| 0:28 | Farm |
| 0:34 | Scout Tower |
| 0:35 | Peasant |
| 0:49 | Lumber Mill |
| 0:56 | Peasant |
| 1:15 | Arcane Vault |
| 1:19 | Peasant |
| 1:26 | Arcane Vault |
| 1:27 | Peasant |
| 1:35 | Scout Tower |
| 1:38 | Arcane Tower |
| 1:52 | Peasant |
| 1:57 | Peasant |
| 2:07 | Guard Tower |
| 2:08 | Blizzard |
| 2:20 | Peasant |
| 2:25 | Scout Tower |
| 2:56 | Peasant |
| 2:57 | Peasant |
| 3:21 | Brilliance Aura |
| 3:25 | Guard Tower |
| 3:26 | Scout Tower |
| 3:27 | Keep |
| 3:38 | Improved Masonry |
| 3:53 | Farm |
| 4:50 | Town Hall |
| 4:59 | Scout Tower |
| 5:17 | Guard Tower |
| 5:32 | Guard Tower |
| 5:33 | Scout Tower |
| 5:34 | Scout Tower |
| 5:41 | Staff of Teleportation |
| 5:41 | Boots of Speed |
| 6:00 | Arcane Tower |
| 6:28 | Blizzard |
| 6:33 | Guard Tower |
| 6:34 | Scout Tower |
| 6:35 | Scout Tower |
| 6:36 | Scout Tower |
| 6:40 | Scroll of Regeneration |
| 6:55 | Storm Bolt |
| 6:56 | Potion of Healing |
| 7:14 | Goblin Shredder |
| 7:30 | Guard Tower |
| 7:41 | Arcane Sanctum |
| 7:44 | Scroll of Regeneration |
| 7:47 | Potion of Healing |
| 7:57 | Guard Tower |
| 8:14 | Scout Tower |
| 8:15 | Scout Tower |
| 8:16 | Scout Tower |
| 8:16 | Scout Tower |
| 8:17 | Scout Tower |
| 8:18 | Scout Tower |
| 8:19 | Scout Tower |
| 8:19 | Scout Tower |
| 8:24 | Castle |
| 8:43 | Bash |
| 9:06 | Magic Sentry |
| 9:07 | Priest |
| 9:10 | Scout Tower |
| 9:11 | Scout Tower |
| 9:11 | Scout Tower |
| 9:11 | Scout Tower |
| 9:12 | Scout Tower |
| 9:12 | Scout Tower |
| 9:17 | Scout Tower |
| 9:18 | Scout Tower |
| 9:18 | Scout Tower |
| 9:18 | Scout Tower |
| 9:19 | Scout Tower |
| 9:19 | Scout Tower |
| 9:20 | Scroll of Regeneration |
| 9:21 | Potion of Healing |
| 9:25 | Advanced Masonry |
| 9:27 | Arcane Tower |
| 9:27 | Guard Tower |
| 9:39 | Potion of Healing |
| 9:46 | Priest |
| 10:48 | Guard Tower |
| 10:49 | Guard Tower |
| 10:49 | Guard Tower |
| 10:50 | Guard Tower |
| 10:57 | Guard Tower |
| 10:57 | Guard Tower |
| 11:01 | Arcane Vault |
| 11:10 | Guard Tower |
| 11:23 | Staff of Sanctuary |
| 11:34 | Orb of Fire |
| 11:38 | Guard Tower |
| 11:44 | Holy Light |
| 12:04 | Guard Tower |
| 12:14 | Orb of Fire |
| 12:14 | Staff of Sanctuary |
| 12:15 | Staff of Sanctuary |
| 12:47 | Boots of Speed |
| 12:47 | Staff of Teleportation |
| 12:49 | Boots of Speed |
| 13:30 | Guard Tower |
| 13:30 | Guard Tower |
| 13:31 | Guard Tower |
| 13:33 | Guard Tower |
| 13:36 | Scout Tower |
| 13:37 | Scout Tower |
| 13:37 | Scout Tower |
| 13:38 | Scout Tower |
| 13:38 | Scout Tower |
| 13:41 | Imbued Masonry |
| 13:44 | Priest Adept Training |
| 13:44 | Sorceress Adept Training |
| 13:45 | Sorceress |
| 13:53 | Staff of Sanctuary |
| 14:13 | Guard Tower |
| 14:15 | Scout Tower |
| 14:15 | Scout Tower |
| 14:16 | Scout Tower |
| 14:19 | Blacksmith |
| 14:20 | Barracks |
| 14:22 | Gryphon Aviary |
| 14:24 | Gryphon Aviary |
| 14:34 | Staff of Teleportation |
| 15:27 | Brilliance Aura |
| 15:40 | Storm Bolt |
| 15:41 | Divine Shield |
| 15:49 | Guard Tower |
| 15:50 | Guard Tower |
| 15:52 | Farm |
| 15:53 | Iron Forged Swords |
| 15:53 | Studded Leather Armor |
| 17:07 | Town Hall |
| 17:09 | Scout Tower |
| 17:10 | Scout Tower |
| 17:10 | Scout Tower |
| 17:11 | Scout Tower |
| 17:11 | Scout Tower |
| 17:12 | Scout Tower |
| 17:12 | Scout Tower |
| 17:13 | Scout Tower |
| 17:13 | Scout Tower |
| 17:14 | Scout Tower |
| 17:14 | Scout Tower |
| 17:14 | Scout Tower |
| 17:15 | Scout Tower |
| 17:16 | Scout Tower |
| 17:17 | Scout Tower |
| 17:17 | Scout Tower |
| 17:18 | Scout Tower |
| 17:18 | Scout Tower |
| 17:20 | Scout Tower |
| 17:21 | Scout Tower |
| 17:21 | Scout Tower |
| 17:21 | Scout Tower |
| 17:34 | Priest Master Training |
| 17:34 | Sorceress Master Training |
| 17:35 | Steel Forged Swords |
| 18:10 | Guard Tower |
| 18:11 | Arcane Tower |
| 18:11 | Arcane Tower |
| 18:12 | Guard Tower |
| 18:13 | Guard Tower |
| 18:31 | Holy Light |
| 18:59 | Guard Tower |
| 19:16 | Guard Tower |
| 19:16 | Guard Tower |
| 19:38 | Guard Tower |
| 19:50 | Guard Tower |
| 20:34 | Goblin Zeppelin |
| 20:49 | Guard Tower |
| 20:59 | Town Hall |
| 21:03 | Town Hall |
| 21:05 | Scout Tower |
| 21:06 | Scout Tower |
| 21:06 | Scout Tower |
| 21:06 | Scout Tower |
| 21:07 | Scout Tower |
| 21:07 | Scout Tower |
| 21:08 | Scout Tower |
| 21:08 | Scout Tower |
| 21:08 | Scout Tower |
| 21:10 | Scout Tower |
| 21:11 | Scout Tower |
| 21:11 | Scout Tower |
| 21:11 | Scout Tower |
| 21:12 | Scout Tower |
| 21:12 | Scout Tower |
| 21:13 | Scout Tower |
| 21:14 | Scout Tower |
| 21:14 | Scout Tower |
| 21:15 | Scout Tower |
| 21:15 | Scout Tower |
| 21:16 | Scout Tower |
| 21:16 | Scout Tower |
| 21:17 | Scout Tower |
| 21:19 | Scout Tower |
| 21:42 | Guard Tower |
| 21:43 | Guard Tower |
| 21:51 | Guard Tower |
| 22:04 | Guard Tower |
| 22:08 | Guard Tower |
| 22:08 | Guard Tower |
| 22:16 | Bash |
| 23:36 | Guard Tower |
| 23:53 | Scout Tower |
| 23:54 | Scout Tower |
| 23:54 | Scout Tower |
| 23:54 | Scout Tower |
| 23:55 | Scout Tower |
| 23:55 | Scout Tower |
| 23:56 | Scout Tower |
| 23:56 | Scout Tower |
| 23:56 | Scout Tower |
| 23:57 | Scout Tower |
| 23:58 | Scout Tower |
| 23:59 | Scout Tower |
| 23:59 | Scout Tower |
| 24:00 | Scout Tower |
| 24:00 | Scout Tower |
| 24:01 | Scout Tower |
| 24:01 | Scout Tower |
| 24:01 | Scout Tower |
| 24:02 | Scout Tower |
| 24:02 | Scout Tower |
| 24:06 | Scout Tower |
| 24:06 | Scout Tower |
| 24:07 | Scout Tower |
| 24:07 | Scout Tower |
| 24:08 | Scout Tower |
| 24:08 | Scout Tower |
| 24:09 | Scout Tower |
| 24:09 | Scout Tower |
| 24:10 | Scout Tower |
| 24:11 | Scout Tower |
| 24:11 | Scout Tower |
| 24:11 | Scout Tower |
| 24:12 | Scout Tower |
| 24:12 | Scout Tower |
| 24:13 | Scout Tower |
| 24:13 | Scout Tower |
| 24:21 | Scout Tower |
| 24:25 | Scout Tower |
| 24:26 | Guard Tower |
| 24:34 | Guard Tower |
| 24:37 | Guard Tower |
| 25:20 | Guard Tower |
| 25:28 | Guard Tower |
| 25:28 | Guard Tower |
| 25:57 | Arcane Tower |
| 25:57 | Guard Tower |
| 25:58 | Guard Tower |
| 27:27 | Arcane Tower |
| 27:27 | Guard Tower |
| 27:28 | Guard Tower |
| 27:29 | Arcane Tower |
| 27:29 | Guard Tower |
| 27:44 | Town Hall |
| 27:49 | Cloud |
| 27:49 | Storm Hammers |
| 27:50 | Mithril Forged Swords |
| 27:50 | Reinforced Leather Armor |
| 27:51 | Animal War Training |
| 27:56 | Guard Tower |
| 28:41 | Blizzard |
| 29:28 | Divine Shield |
| 30:13 | Arcane Tower |
| 30:14 | Arcane Tower |
| 30:15 | Arcane Tower |
| 30:17 | Guard Tower |
| 31:34 | Guard Tower |
| 32:27 | Guard Tower |
| 32:27 | Guard Tower |
| 32:28 | Guard Tower |
| 32:30 | Scout Tower |
| 32:30 | Guard Tower |
| 33:01 | Guard Tower |
| 35:20 | Storm Bolt |
| 40:07 | Mass Teleport |
| 40:29 | Holy Light |
| Right click | 4163 |
| Select | 1133 |
| Select group | 668 |
| Chat | 487 |
| Build/train/purchase | 241 |
| Use ability | 212 |
| Misc. action | 76 |
| Assign group | 24 |
| Item give/drop | 21 |
64 units @ 10.2k
/ 1.6k
45 buildings @ 4.2k
/ 2.3k


| Scroll of Healing | 4 | 1000 |
| Scroll of Protection | 2 | 300 |
| total: | 6 | 1300g |
| Peasant | 16 | 1200 | / | 0 |
| Footman | 13 | 1755 | / | 0 |
| Rifleman | 3 | 615 | / | 90 |
| Priest | 2 | 270 | / | 20 |
| Sorceress | 2 | 310 | / | 40 |
| Mortar Team | 8 | 1440 | / | 560 |
| Gryphon Rider | 3 | 840 | / | 210 |
| Siege Engine | 3 | 585 | / | 180 |
| Goblin Shredder | 1 | 375 | / | 100 |
| Goblin Sapper | 3 | 645 | / | 300 |
| Goblin Zeppelin | 1 | 240 | / | 60 |
| Ogre Mauler | 3 | 900 | / | 0 |
| Mud Golem | 3 | 435 | / | 30 |
| Forest Troll Shadow Priest | 2 | 390 | / | 20 |
| Forest Troll Berserker | 1 | 245 | / | 30 |
| total: | 64 | 10245g | / | 1640w |
| Scout Tower | 17 | 510 | / | 340 |
| Guard Tower | 7 | 490 | / | 350 |
| Arcane Tower | 1 | 70 | / | 50 |
| Altar of Kings | 1 | 180 | / | 50 |
| Barracks | 2 | 320 | / | 120 |
| Farm | 14 | 1120 | / | 280 |
| Town Hall | 2 | 770 | / | 410 |
| Lumber Mill | 1 | 120 | / | 0 |
| Blacksmith | 1 | 140 | / | 60 |
| Arcane Sanctum | 2 | 300 | / | 280 |
| Gryphon Aviary | 3 | 420 | / | 450 |
| Workshop | 2 | 280 | / | 280 |
| Keep | 1 | 320 | / | 210 |
| Castle | 2 | 720 | / | 420 |
| total: | 45 | 4160g | / | 2270w |
| 0:04 | Peasant |
| 0:04 | Peasant |
| 0:04 | Peasant |
| 0:05 | Peasant |
| 0:05 | Peasant |
| 0:18 | Altar of Kings |
| 0:42 | Barracks |
| 0:50 | Farm |
| 1:53 | Footman |
| 1:53 | Footman |
| 1:53 | Footman |
| 2:00 | Farm |
| 2:07 | Farm |
| 2:22 | Footman |
| 2:31 | Holy Light |
| 2:46 | Farm |
| 2:53 | Footman |
| 3:26 | Keep |
| 4:36 | Divine Shield |
| 4:48 | Town Hall |
| 4:57 | Footman |
| 4:58 | Footman |
| 5:59 | Peasant |
| 5:59 | Peasant |
| 5:59 | Peasant |
| 5:59 | Peasant |
| 6:09 | Lumber Mill |
| 6:36 | Peasant |
| 6:36 | Peasant |
| 6:36 | Peasant |
| 6:36 | Peasant |
| 6:55 | Footman |
| 6:55 | Footman |
| 7:43 | Peasant |
| 7:43 | Peasant |
| 7:49 | Scout Tower |
| 7:56 | Scout Tower |
| 8:04 | Scout Tower |
| 8:34 | Guard Tower |
| 8:41 | Scout Tower |
| 8:43 | Guard Tower |
| 8:49 | Castle |
| 9:00 | Arcane Sanctum |
| 9:09 | Blacksmith |
| 9:36 | Guard Tower |
| 9:46 | Ogre Mauler |
| 9:48 | Mud Golem |
| 9:50 | Forest Troll Shadow Priest |
| 10:47 | Holy Light |
| 10:52 | Scroll of Healing |
| 10:53 | Scroll of Healing |
| 11:37 | Divine Shield |
| 11:51 | Farm |
| 11:54 | Farm |
| 11:56 | Rifleman |
| 11:57 | Rifleman |
| 11:57 | Rifleman |
| 11:59 | Improved Lumber Harvesting |
| 12:06 | Gryphon Aviary |
| 13:06 | Peasant |
| 14:03 | Scout Tower |
| 14:05 | Scout Tower |
| 14:13 | Scout Tower |
| 14:21 | Scout Tower |
| 15:23 | Guard Tower |
| 15:40 | Castle |
| 15:43 | Long Rifles |
| 15:56 | Arcane Sanctum |
| 15:58 | Priest |
| 15:58 | Priest |
| 15:59 | Sorceress |
| 15:59 | Sorceress |
| 16:31 | Farm |
| 16:32 | Farm |
| 16:34 | Farm |
| 16:41 | Mud Golem |
| 16:41 | Ogre Mauler |
| 16:42 | Forest Troll Berserker |
| 16:43 | Forest Troll Shadow Priest |
| 17:19 | Scout Tower |
| 17:21 | Scout Tower |
| 17:31 | Priest Adept Training |
| 17:32 | Sorceress Adept Training |
| 17:45 | Gryphon Aviary |
| 18:02 | Advanced Lumber Harvesting |
| 18:18 | Farm |
| 18:20 | Magic Sentry |
| 18:31 | Guard Tower |
| 18:36 | Scout Tower |
| 19:10 | Devotion Aura |
| 19:12 | Goblin Shredder |
| 20:09 | Farm |
| 20:12 | Farm |
| 20:22 | Scout Tower |
| 20:32 | Guard Tower |
| 20:51 | Farm |
| 20:54 | Farm |
| 21:03 | Storm Bolt |
| 21:35 | Mud Golem |
| 21:36 | Ogre Mauler |
| 21:52 | Scout Tower |
| 21:58 | Scout Tower |
| 22:00 | Scout Tower |
| 22:02 | Scout Tower |
| 22:04 | Scout Tower |
| 22:16 | Gryphon Aviary |
| 22:42 | Guard Tower |
| 22:53 | Arcane Tower |
| 23:02 | Barracks |
| 23:04 | Sorceress Master Training |
| 23:06 | Priest Master Training |
| 23:47 | Workshop |
| 23:58 | Workshop |
| 24:02 | Black Gunpowder |
| 24:03 | Studded Leather Armor |
| 24:37 | Scroll of Healing |
| 24:38 | Scroll of Healing |
| 24:38 | Scroll of Protection |
| 24:38 | Scroll of Protection |
| 25:48 | Mortar Team |
| 25:48 | Mortar Team |
| 25:49 | Mortar Team |
| 25:51 | Flare |
| 25:51 | Fragmentation Shards |
| 27:44 | Town Hall |
| 31:09 | Mortar Team |
| 31:09 | Mortar Team |
| 31:09 | Mortar Team |
| 31:09 | Mortar Team |
| 31:10 | Mortar Team |
| 31:18 | Footman |
| 31:18 | Footman |
| 31:18 | Footman |
| 31:19 | Footman |
| 35:32 | Gryphon Rider |
| 35:33 | Gryphon Rider |
| 35:33 | Gryphon Rider |
| 35:55 | Storm Hammers |
| 40:52 | Siege Engine |
| 40:52 | Siege Engine |
| 40:53 | Siege Engine |
| 45:27 | Goblin Sapper |
| 45:27 | Goblin Sapper |
| 45:27 | Goblin Sapper |
| 46:11 | Goblin Zeppelin |
| Right click | 683 |
| Select | 583 |
| Select group | 478 |
| Chat | 349 |
| Build/train/purchase | 126 |
| Misc. action | 75 |
| Assign group | 69 |
| Use ability | 48 |
| Item give/drop | 3 |
| Esc | 3 |
| Remove unit | 1 |